 Dungeon Crawl Stone Soup version 0.30-a0-758-gc2c871d025 (webtiles) character file.

Game seed: 8914955409680999427

11412 CrazyBamboolord the Carver (level 11, -2/100 HPs)
             Began as an Armataur Fighter on Feb 10, 2023.
             Was a High Priest of Okawaru.
             Slain by a minotaur
             ... wielding a +3 great mace of protection
              (7 damage)
             ... in a Gauntlet.
             The game lasted 00:31:23 (12932 turns).

CrazyBamboolord the Carver (Armataur Fighter)      Turns: 12932, Time: 00:31:23

Health: -2/100     AC: 16    Str: 18 (20) XL:     11   Next: 49%
Magic:  8/14       EV: 16    Int:  8 (9)  God:    Okawaru [*****.]
Gold:   198        SH:  9    Dex: 18 (19) Spells: 10/10 levels left

rFire   . . .      SeeInvis .    b - +3 scimitar (flame)
rCold   . . .      Faith    .    c - +1 buckler
rNeg    . . .      Spirit   .    L - +0 acid dragon scales
rPois   +          Reflect  .    G - +0 helmet
rElec   .          Harm     .    H - +0 cloak {rPois}
rCorr   +          Roll     +    j - +1 pair of gloves
Will    +....      NoTele   +    (no barding)
Stlth   ++++                     (no amulet)
HPRegen 0.36/turn                M - +5 ring of evasion
MPRegen 0.14/turn                r - +6 ring of dexterity

@: mighty, heroic, finesse-ful, hasted, very quick
A: large, rugged brown scales 3, deformed body, armoured tail, roll, long
tongue, awkward tongue, deterioration 1, strong-willed 1, shaggy fur 1, weak 1
a: Renounce Religion, Heroism, Finesse, Duel


You were in a Gauntlet.
You worshipped Okawaru.
Okawaru was extremely pleased with you.
You visited 2 branches of the dungeon, and saw 12 of its levels.
You also visited: Ossuary and Gauntlet.

You collected 620 gold pieces.
You spent 422 gold pieces at shops.

Inventory:

Hand Weapons
 a - a +0 long sword
 b - a +3 scimitar of flaming (weapon)
 D - a +5 falchion
Armour
 c - a +1 buckler (worn)
 j - a +1 pair of gloves (worn)
 q - a +3 leather armour of poison resistance
 G - a +0 helmet (worn)
 H - a +0 cloak of poison resistance (worn)
 L - +0 acid dragon scales (worn)
 P - a +2 chain mail of fire resistance
Jewellery
 e - an amulet of faith
 k - a +6 ring of dexterity
 r - a +6 ring of dexterity (right hand)
 t - a ring of poison resistance
 M - a +5 ring of evasion (left hand)
Wands
 l - a wand of flame (26)
 p - a wand of acid (3)
 y - a wand of paralysis (8)
 A - a wand of mindburst (13)
 B - a wand of iceblast (2)
Scrolls
 f - 2 scrolls of fog
 h - 2 scrolls of torment {unknown}
 i - 4 scrolls of teleportation
 n - 6 scrolls of noise
 o - 2 scrolls of poison
 s - 2 scrolls of fear
 v - 2 scrolls of brand weapon {unknown}
 I - a scroll of immolation
 J - a scroll of blinking
Potions
 d - 2 potions of attraction
 g - 3 potions of magic
 u - 2 potions of lignification
 w - a potion of haste
 z - a potion of cancellation
 C - a potion of flight
 F - a potion of degeneration {unknown}
 K - a potion of invisibility
 N - a potion of brilliance
 O - 3 potions of mutation


   Skills:
 * Level 8.1(13.1) Fighting
 * Level 11.3(16.3) Long Blades
 * Level 8.4(13.4) Armour
 + Level 3.6(8.6) Stealth
 * Level 8.5(13.5) Shields
 * Level 4.4 Invocations


You had 10 spell levels left.
You didn't know any spells.
Your spell library contained the following spells:

 Spells                   Type           Power      Damage    Failure   Level
 Blink                    Tloc           0%         N/A       65%         2
 Lesser Beckoning         Tloc           0%         N/A       65%         2
 Momentum Strike          Conj/Tloc      0%         3d8       65%         2
 Ignite Poison            Fire/Tmut/Pois 0%         N/A       87%         3
 Kindle Blastsparks       Fire/Tloc/Air  0%         2d10      87%         3
 Passage of Golubria      Tloc           0%         N/A       99%         4
 Freezing Cloud           Conj/Ice/Air   0%         6-21      100%        5
 Yara's Violent Unravell  Hex/Tmut       0%         3d3       100%        5
 Tukima's Dance           Hex            Unusable   N/A       N/A         3

Dungeon Overview and Level Annotations

Branches:
Dungeon (11/15)            Temple (1/1) D:4            Lair (0/5) D:11
    Orc (0/2) D:9         Ossuary (visited)         Gauntlet (1/1)

Altars:
Ashenzari
Cheibriados
Dithmenos
Elyvilon
Fedhas
Gozag
Hepliaklqana
Kikubaaqudgha
Makhleb
Nemelex Xobeh
Okawaru
Qazlal
Ru
Sif Muna
Trog
Uskayaw
Vehumet
Wu Jian
Xom
Yredelemnul
Zin
The Shining One

Shops:
D:2 [!*   D:10 *

Annotations:
D:4 2 transporters, P0WERM0DE's ghost, weakling OpDe Gauntlet 7 transporters, 3 runed translucent doors


Innate Abilities, Weirdness & Mutations

You are completely covered in rugged brown scales. (AC +3, +7% HP)
Armour fits poorly on your strangely shaped body.
You have a long armoured tail.
You roll when moving toward enemies. (Rampage)
Your long tongue fully drains potion bottles. (2x potion effects)
Your tongue gives you trouble enunciating. (1.5x scroll delay)
Your body sometimes deteriorates upon taking damage.
You are strong-willed. (Will+)
You are covered in fur. (AC +1)
You are weak. (Str -2)


Message History

You slurp down every last drop of the potion of might!
You feel very mighty all of a sudden.
You are too injured to fight recklessly!
You are too injured to fight recklessly!
You slurp down every last drop of the potion of curing!
You feel better.
The minotaur shoots an arrow.
You block the arrow.
The minotaur shoots an arrow.
You block the arrow.
You hit the minotaur but do no damage.
The minotaur unwields a +2 shortbow of freezing.
The minotaur wields a +3 great mace of protection.
The minotaur misses you. The minotaur completely misses you.
You closely miss the minotaur. You completely miss the minotaur.
The minotaur furiously retaliates!
The minotaur headbutts you.
You slash the minotaur! You burn the minotaur.
The minotaur is lightly wounded.
The minotaur closely misses you. The minotaur completely misses you.
You hit the minotaur but do no damage.
Your tail-slap misses the minotaur.
The minotaur is lightly wounded.
You hit the minotaur but do no damage.
The minotaur is lightly wounded.
You hit the minotaur. You burn the minotaur.
The minotaur is moderately wounded.
The minotaur hits you with a +3 great mace of protection!!
* * * LOW HITPOINT WARNING * * *
Your body deteriorates!
You feel weakened. The minotaur misses you.
You closely miss the minotaur.
The minotaur furiously retaliates!
The minotaur headbutts you, but does no damage.
You tail-slap the minotaur, but do no damage.
The minotaur is moderately wounded.
You hit the minotaur but do no damage.
The minotaur is moderately wounded.
You slash the minotaur! You burn the minotaur.
The minotaur is moderately wounded.
The minotaur hits you with a +3 great mace of protection!!
* * * LOW HITPOINT WARNING * * *
Your body deteriorates!
You feel dopey. The minotaur gores you!
You die...

# ### .. #. #∩# .# .#
#.##.# . #.#.. #.
#.#.#
#.##.###'#.##.###
#.......H.......#
###.##.##@##.##.
###.##.##.##.##.#
#...............#
##.##.##.##.##.##
###.##.##.##.##.###
##≈...............≈##
#≈≈..8©8©8©8©8©8..≈≈#
#≈...............≈# #
###
###################
### ###


You could see a minotaur.

Vanquished Creatures
  Erolcha (D:9)
  Erica (D:8)
  Nergalle (D:11)
  Joseph (D:7)
  A torpor snail (Gauntlet)
  A gargoyle (D:10)
  A komodo dragon (D:11)
  An efreet (Gauntlet)
  4 hornets
  A troll (D:11)
  Prince Ribbit (D:7)
  A raiju (Gauntlet)
  A shadow (D:10)
  6 yaks
  2 wyverns
  3 fire elementals (Gauntlet)
  Grum (D:10)
  3 steam dragons
  A water moccasin (D:5)
  2 acid dragons
  A hell hound (Gauntlet)
  An orc warrior (D:6)
  2 sky beasts
  A black bear (D:4)
  9 wolves
  5 centaurs
  An ogre (D:4)
  2 phantoms
  A kobold brigand (D:6)
  2 gnoll sergeants
  An elf zombie (Ossuary)
  A bullfrog (D:6)
  A scorpion (D:4)
  6 necrophages
  5 wights
  5 killer bees (D:10)
  7 hounds
  A centaur zombie (Ossuary)
  A jelly (D:7)
  2 orc priests
  A gnoll bouda (D:7)
  Jessica (D:3)
  Ijyb (D:3)
  Natasha (thrice) (D:3)
  7 iguanas
  4 orc wizards
  4 ogre zombies (Ossuary)
  7 mummies (Ossuary)
  17 gnolls
  9 adders
  A white imp (D:7)
  An ufetubus (D:4)
  3 adder zombies (Ossuary)
  5 worms
  A dart slug (D:5)
  23 orcs
  5 endoplasms
  2 giant cockroaches (D:4)
  8 goblins
  3 hobgoblins
  4 jackals
  9 kobolds
  7 quokkas
  8 ball pythons
  A bat (D:1)
  2 frilled lizards
  5 hobgoblin zombies (Ossuary)
  6 kobold zombies (Ossuary)
  2 orc zombies (Ossuary)
  2 quokka zombies (Ossuary)
  5 rats
  6 rat zombies (Ossuary)
252 creatures vanquished.

Vanquished Creatures (others)
  A scorpion (D:6)
  A demonic plant (Gauntlet)
  4 plants (D:5)
6 creatures vanquished.

Grand Total: 258 creatures vanquished

Notes
Turn   | Place    | Note
-------+----------+-------------------------------------------
     0 | D:1      | CrazyBamboolord the Armataur Fighter began the quest for
                  | the Orb.
     0 | D:1      | Reached XP level 1. HP: 19/19 MP: 1/1
   106 | D:1      | Reached XP level 2. HP: 22/27 MP: 2/2
   380 | D:1      | Reached skill level 2 in Long Blades
   574 | D:1      | Reached XP level 3. HP: 33/33 MP: 3/3
  1025 | D:2      | Found Jueck's Distillery.
  1089 | D:2      | Bought a potion of heal wounds for 55 gold pieces
  1108 | D:2      | Found Lepsufyn's Assorted Antiques.
  1119 | D:2      | Found Georiu's Antique Armour Shoppe.
  1587 | D:2      | Bought a potion of curing for 33 gold pieces
  1596 | D:3      | Noticed Ijyb
  1606 | D:3      | Killed Ijyb
  1607 | D:3      | Reached XP level 4. HP: 27/40 MP: 4/4
  1719 | D:3      | Noticed Natasha
  1733 | D:3      | Killed Natasha
  1734 | D:3      | Reached skill level 3 in Long Blades
  1874 | D:3      | Noticed Natasha
  1882 | D:3      | Killed Natasha
  1975 | D:3      | Reached XP level 5. HP: 37/48 MP: 5/5
  2211 | D:3      | Noticed Natasha
  2235 | D:3      | Killed Natasha
  2337 | D:3      | Noticed Jessica
  2341 | D:3      | Killed Jessica
  2360 | D:3      | Reached skill level 5 in Armour
  2807 | D:3      | Reached skill level 4 in Long Blades
  2807 | D:3      | Reached XP level 6. HP: 52/55 MP: 6/6
  2979 | D:2      | Bought a pair of gloves for 81 gold pieces
  3079 | D:4      | Found a staircase to the Ecumenical Temple.
  3098 | Temple   | Entered the Ecumenical Temple
  3210 | Temple   | Became a worshipper of Warmaster Okawaru
  3326 | D:4      | Found a transporter.
  3326 | D:4      | Noticed P0WERM0DE's ghost (weakling OpDe)
  3330 | D:4      | Found a transporter.
  3345 | D:4      | Reached XP level 7. HP: 41/63 MP: 7/7
  3354 | D:4      | Reached skill level 5 in Long Blades
  3857 | D:2      | Bought a cloak for 81 gold pieces
  3902 | D:5      | Entered Level 5 of the Dungeon
  3932 | D:5      | Reached * piety under Okawaru
  4140 | D:5      | Reached skill level 1 in Stealth
  4623 | D:5      | Reached skill level 6 in Long Blades
  4623 | D:5      | Reached XP level 8. HP: 62/71 MP: 8/8
  4918 | D:5      | Reached skill level 5 in Fighting
  4918 | D:5      | Reached skill level 5 in Shields
  5302 | D:6      | Reached skill level 7 in Long Blades
  5434 | D:6      | Reached ** piety under Okawaru
  5965 | D:6      | Reached XP level 9. HP: 76/79 MP: 9/9
  6631 | D:7      | Reached skill level 8 in Long Blades
  6631 | D:7      | Reached skill level 1 in Invocations
  6665 | D:7      | Noticed Joseph
  6693 | D:7      | Killed Joseph
  6953 | D:7      | Reached *** piety under Okawaru
  7597 | D:8      | Noticed Prince Ribbit
  7734 | D:7      | Killed Prince Ribbit
  7816 | D:8      | Reached skill level 9 in Long Blades
  7818 | D:8      | Noticed Erica
  7828 | D:8      | Gained mutation: You have a pair of small antennae on your
                  | head. [potion of mutation]
  7828 | D:8      | Gained mutation: You are vulnerable to cold. (rC-) [potion
                  | of mutation]
  7828 | D:8      | Gained mutation: You passively map a small area around you.
                  | [potion of mutation]
  7828 | D:8      | Gained mutation: You are partially covered in iridescent
                  | scales. (AC +2) [potion of mutation]
  7833 | D:8      | HP: 4/83 [something (10)]
  8031 | D:8      | Killed Erica
  8032 | D:8      | Reached XP level 10. HP: 37/89 MP: 9/12
  8063 | D:8      | Found a sand-covered staircase.
  8074 | Ossuary  | Entered an ossuary
  8212 | Ossuary  | Lost mutation: You are vulnerable to cold. (rC-) [potion of
                  | mutation]
  8212 | Ossuary  | Lost mutation: You passively map a small area around you.
                  | [potion of mutation]
  8212 | Ossuary  | Lost mutation: You have a pair of small antennae on your
                  | head. [potion of mutation]
  8212 | Ossuary  | Lost mutation: You are partially covered in iridescent
                  | scales. (AC +2) [potion of mutation]
  8212 | Ossuary  | Gained mutation: You are weak. (Str -2) [potion of
                  | mutation]
  8212 | Ossuary  | Gained mutation: You are covered in fur. (AC +1) [potion of
                  | mutation]
  8212 | Ossuary  | Gained mutation: Your spells are a little harder to cast,
                  | but a little more powerful. [potion of mutation]
  8212 | Ossuary  | Lost mutation: Your spells are a little harder to cast, but
                  | a little more powerful. [potion of mutation]
  8212 | Ossuary  | Gained mutation: Your body sometimes deteriorates upon
                  | taking damage. [potion of mutation]
  8212 | Ossuary  | Gained mutation: You are strong-willed. (Will+) [potion of
                  | mutation]
  8307 | Ossuary  | Reached **** piety under Okawaru
  9480 | D:9      | Paralysed by a hornet for 3 turns
  9929 | D:9      | Found a staircase to the Orcish Mines.
 10045 | D:9      | Noticed Erolcha
 10054 | D:9      | Killed Erolcha
 10054 | D:9      | Reached ***** piety under Okawaru
 10055 | D:9      | Reached skill level 10 in Long Blades
 10190 | D:2      | Bought a potion of mutation for 88 gold pieces
 10567 | D:9      | Received a gift from Okawaru
 10747 | D:10     | Entered Level 10 of the Dungeon
 10795 | D:10     | Paralysed by a hornet for 1 turns
 10979 | D:10     | Found Esirothri's Assorted Antiques.
 10982 | D:10     | Bought a potion of curing for 84 gold pieces
 11076 | D:10     | Found a stormy altar of Qazlal.
 11102 | D:10     | Reached XP level 11. HP: 61/100 MP: 13/13
 11226 | D:10     | Noticed Grum
 11250 | D:10     | Killed Grum
 12097 | D:11     | Noticed Nergalle
 12118 | D:11     | Killed Nergalle
 12184 | D:11     | Found a gate leading to a gauntlet.
 12202 | Gauntlet | Entered a Gauntlet
 12202 | Gauntlet | Found a transporter.
 12356 | Gauntlet | Found a transporter.
 12360 | Gauntlet | Found a transporter.
 12371 | Gauntlet | Found a transporter.
 12372 | Gauntlet | Found a transporter.
 12376 | Gauntlet | Found a runed translucent door.
 12376 | Gauntlet | Found a runed translucent door.
 12380 | Gauntlet | Found a transporter.
 12384 | Gauntlet | Found a transporter.
 12386 | Gauntlet | Noticed a cacodemon
 12392 | Gauntlet | Found a transporter.
 12396 | Gauntlet | Found a transporter.
 12400 | Gauntlet | Found a runed translucent door.
 12402 | Gauntlet | Found a runed translucent door.
 12404 | Gauntlet | Found a transporter.
 12425 | Gauntlet | Found a transporter.
 12437 | Gauntlet | Found a transporter.
 12450 | Gauntlet | Found a transporter.
 12463 | Gauntlet | Found a transporter.
 12498 | Gauntlet | Received a gift from Okawaru
 12505 | Gauntlet | Reached skill level 11 in Long Blades
 12903 | Gauntlet | Noticed a minotaur
 12932 | Gauntlet | HP: 5/100 [minotaur/+3 great mace of protection (19)]
 12932 | Gauntlet | Slain by a minotaur

Illustrated notes

Levels and vault maps discovered:
D:1:      roderic_octagonal_star, layout_basic, minmay_tree_intersection
D:2:      layout_basic, serial_shops, nicolae_shop_advertising_works
          [nicolae_subvault_shop_adworks], shop, shop
D:3:      layout_basic, gup_sewer_entry_glass, chequers_arboretum,
          cheibrodos_gnoll_hut, uniq_natasha, uniq_jessica, uniq_ijyb
D:4:      layout_rooms, minmay_temple_entry_gardened_gates,
          gammafunk_ghost_arena, minivault_5, minmay_misc_feat_alley,
          grunt_ministairs_2
D:5:      layout_loops_ring, nicolae_grassy_gnolls
D:6:      layout_loops_ring, dk_noncrumbling_4, serial_bayou_pond_c
D:7:      layout_gridville, uniq_joseph
D:8:      layout_basic, lightli_ossuary_entry_decrepit_ruins,
          minmay_misc_feat_tiny, uniq_prince_ribbit1, uniq_erica
D:9:      layout_rooms, orc_0_dummy, uniq_erolcha
D:10:     layout_irregular_city, nicolae_qazlal_general_emergency, serial_shops,
          nicolae_shop_behind_doors, grunt_decor_clamped, uniq_grum
D:11:     layout_irregular_city, due_lair_maze_entry_diamond,
          gauntlet_entry_generic, minmay_evil_grid, uniq_nergalle
Temple:   kilobyte_greek_temple
Gauntlet: gammafunk_gauntlet_77_escape_option [minmay_gauntlet_arena_77_mirror,
          minmay_gauntlet_arena_77_chump_sandwich,
          minmay_gauntlet_arena_77_shame_cube,
          minmay_gauntlet_arena_77_two_paths, minmay_gauntlet_arena_77_cramped,
          gauntlet_exit_green]

Skill      XL: |  1  2  3  4  5  6  7  8  9 10 11 |
---------------+----------------------------------+-----
Fighting       | 3 4 5 6 7 8 |  8.1
Armour         | 4 5 6 7 8 |  8.4
Long Blades    | 2 3 4 6 7 9 10 11 | 11.3
Shields        | 4 5 6 7 8 |  8.5
Stealth        | 1 2 3 |  3.6
Invocations    | 2 3 4 |  4.4

Action                     |  1- 3 |  4- 6 |  7- 9 | 10-12 || total
---------------------------+-------+-------+-------+-------++-------
  Melee: Long sword        |   100 |   166 |   434 |       ||   700
         Tailslap          |    10 |    23 |    73 |    78 ||   184
         Falchion          |       |       |    21 |     4 ||    25
         Scimitar          |       |       |       |   374 ||   374
 Invoke: Heroism           |       |       |     1 |     2 ||     3
         Finesse           |       |       |       |     1 ||     1
  Evoke: Wand              |       |       |     3 |       ||     3
    Use: Scroll            |     1 |     2 |    12 |    11 ||    26
         Potion            |       |     1 |    15 |    14 ||    30
   Stab: Sleeping          |       |     1 |     3 |    11 ||    15
         Distracted        |       |       |       |     2 ||     2
 Armour: Scale mail        |    45 |       |       |       ||    45
         Leather armour    |       |    77 |   198 |    18 ||   293
         Skin              |       |       |    18 |     1 ||    19
         Acid dragon scale |       |       |       |   140 ||   140
  Dodge: Dodged            |    32 |    55 |   143 |   110 ||   340
  Block: Buckler           |    18 |    35 |   117 |   156 ||   326

Table legend: (Time is in decaauts)
 A = Elapsed time spent in this place.
 B = Non-inter-level travel time spent in this place.
 C = Inter-level travel time spent in this place.
 D = Time resting spent in this place.
 E = Time spent auto-exploring this place.
 F = Levels seen in this place.
 G = Mean time per level.
                   A        B        C        D        E       F      G
               +--------+--------+--------+--------+--------+-----+--------+
         Total |  13040 |  11957 |   1083 |   1421 |   7819 |  14 |  931.4 |
       Dungeon |  11535 |  10489 |   1046 |    899 |   7603 |  11 | 1048.6 |
        Temple |    150 |    113 |     37 |      0 |    101 |   1 |  150.0 |
       Ossuary |    640 |    640 |      0 |    123 |      0 |   1 |  640.0 |
      Gauntlet |    714 |    714 |      0 |    399 |    115 |   1 |  714.0 |
               +--------+--------+--------+--------+--------+-----+--------+

Top non-repeatable levels by time:
     D:7: 1555 daAuts
     D:8: 1539 daAuts
     D:3: 1522 daAuts
    D:10: 1279 daAuts
     D:6: 1181 daAuts
     D:5: 1126 daAuts
     D:2: 921 daAuts
     D:1: 837 daAuts
     D:4: 827 daAuts
Gauntlet: 714 daAuts
     D:9: 664 daAuts
 Ossuary: 640 daAuts
  Temple: 150 daAuts
    D:11: 79 daAuts
